[Event "Titled Tuesday Blitz March 15 Late 2022"]
[White "Levitskiy, Andrey"]
[Black "Janturin, Artur"]
[WhiteFideId "14132885"]
[BlackFideId "4130022"]
[WhiteElo "2301"]
[BlackElo "2350"]
[Result "0-1"]
[Round "06"]
[TimeControl "180+1"]
[Date "2022.03.16"]
[WhiteClock "0:00:01"]
[BlackClock "0:00:13"]

1. d4 e6 2. Bf4 c5 3. e3 d5 4. c3 Nc6 5. Nf3 Bd6 6. Bg3 Nf6 7. Nbd2 O-O 8. Bd3 b6 9. e4 Be7 10. e5 Nh5 11. Ng5 Bxg5 12. Qxh5 g6 13. Qe2 cxd4 14. h4 Bh6 15. h5 g5 16. Nf3 dxc3 17. bxc3 f5 18. exf6 Qxf6 19. O-O Bd7 20. Ne5 Nxe5 21. Bxe5 Qf7 22. f4 Bg7 23. fxg5 Qe7 24. h6 Bxe5 25. Qxe5 Rxf1+ 26. Rxf1 Rf8 27. Rxf8+ Qxf8 28. Qc7 Qc5+ 29. Qxc5 bxc5 30. Kf2 e5 31. Ke3 Be8 32. Bf5 Bg6 33. Be6+ Bf7 34. Bf5 Bg6 35. Be6+ Bf7 36. Bf5 d4+ 37. cxd4 exd4+ 38. Kd3 Bxa2 39. Kd2 Bd5 40. g4 a5 0-1


[Site "https://www.chess.com"]

[Event "Titled Tuesday Blitz March 15 Late 2022"]
[White "Lewtak, Damian"]
[Black "Lehtosaari, Mauri"]
[WhiteFideId "1141724"]
[BlackFideId "501999"]
[WhiteElo "2362"]
[BlackElo "2467"]
[Result "1-0"]
[Round "06"]
[TimeControl "180+1"]
[Date "2022.03.16"]
[WhiteClock "0:00:48"]
[BlackClock "0:00:11"]

1. d4 d5 2. Nf3 Nf6 3. Bf4 c5 4. c3 Nc6 5. e3 Qb6 6. Qb3 c4 7. Qc2 Bf5 8. Qc1 h6 9. Nbd2 e6 10. Ne5 Be7 11. Be2 O-O 12. O-O Nxe5 13. Bxe5 Qd8 14. h3 b5 15. a3 a5 16. f3 Nd7 17. Bg3 b4 18. axb4 axb4 19. Rxa8 Qxa8 20. e4 Bg6 21. Re1 Re8 22. Bf1 Nf6 23. exd5 exd5 24. Re5 Nh5 25. Qe1 Nxg3 26. Rxe7 Rxe7 27. Qxe7 bxc3 28. bxc3 Qa1 29. Kf2 Nxf1 30. Nxf1 Bd3 31. Qe1 Qb2+ 32. Kg1 Bxf1 33. Kxf1 Qc2 34. Qe8+ Kh7 35. Qxf7 Qxc3 36. Qf5+ Kg8 37. Qxd5+ Kh8 38. Qa8+ Kh7 39. Qe4+ Kg8 40. d5 Qc1+ 41. Qe1 Qc2 42. Qe8+ Kh7 43. Qe4+ Qxe4 44. fxe4 1-0


[Site "https://www.chess.com"]

[Event "Titled Tuesday Blitz March 15 Late 2022"]
[White "Lock, Gavin R"]
[Black "Petre, Nad-Titus"]
[WhiteFideId "408646"]
[BlackFideId "1204165"]
[WhiteElo "2104"]
[BlackElo "2354"]
[Result "0-1"]
[Round "06"]
[TimeControl "180+1"]
[Date "2022.03.16"]
[WhiteClock "0:00:03"]
[BlackClock "0:00:23"]

1. d4 Nf6 2. Nf3 b6 3. Bg5 Bb7 4. Nbd2 g6 5. Bxf6 exf6 6. e4 d5 7. Bb5+ c6 8. Bd3 Be7 9. O-O O-O 10. Re1 Na6 11. c3 Nc7 12. a4 a5 13. exd5 Nxd5 14. Ne4 f5 15. Ned2 Bd6 16. Nc4 Bc7 17. Nce5 f6 18. Nc4 Qd7 19. Ne3 Nf4 20. Bc4+ Kg7 21. Qb3 Rfe8 22. Rad1 Rad8 23. Bf1 Qf7 24. Qxf7+ Kxf7 25. g3 c5 26. d5 Nh5 27. Bb5 Re7 28. Bc4 Bd6 29. Nh4 f4 30. Ng4 Rxe1+ 31. Rxe1 Bc8 32. h3 fxg3 33. fxg3 Nxg3 34. Kh2 0-1


[Site "https://www.chess.com"]

[Event "Titled Tuesday Blitz March 15 Late 2022"]
[White "Maltsevskaya, Aleksandra"]
[Black "Shimanov, Aleksandr"]
[WhiteFideId "24174041"]
[BlackFideId "4198603"]
[WhiteElo "2241"]
[BlackElo "2636"]
[Result "0-1"]
[Round "06"]
[TimeControl "180+1"]
[Date "2022.03.15"]
[WhiteClock "0:00:03"]
[BlackClock "0:00:08"]

1. e4 d5 2. exd5 Qxd5 3. Nf3 Bg4 4. Be2 Nc6 5. Nc3 Qd7 6. h3 Bf5 7. d4 e6 8. Be3 Bb4 9. O-O Nf6 10. Na4 O-O 11. a3 Be7 12. c4 Rad8 13. b4 Ne4 14. Qb3 Bf6 15. Rad1 b6 16. Nc3 Qc8 17. Bd3 Nd6 18. d5 Ne7 19. c5 bxc5 20. bxc5 Nb7 21. c6 Nd6 22. Bxa7 Bxc3 23. Qxc3 Nxd5 24. Qe5 Bxd3 25. Rxd3 Qa6 26. Bd4 Nf5 27. Rfd1 Nde7 28. Qxc7 Nxc6 29. Bxg7 Rxd3 30. Rxd3 Kxg7 31. Ne5 Nxe5 32. Qxe5+ f6 33. Rd7+ Rf7 34. Qc7 Rxd7 35. Qxd7+ Kf8 36. Qxh7 Qxa3 37. Qd7 Qa1+ 38. Kh2 Qe5+ 39. g3 Qd5 40. Qc8+ Kf7 41. Qc7+ Kg6 42. Qc2 Kf7 43. Qc7+ Ne7 44. Qc2 f5 45. Qb2 Nc6 46. Qh8 Ne5 47. Qh7+ Ke8 48. Qg8+ Ke7 49. Qg7+ Kd6 50. Qf8+ Kc6 51. Qa8+ Kc5 52. Qa5+ Kc4 53. Qa4+ Kc3 54. Qa1+ Kd2 55. Qb2+ Ke1 56. h4 Ng4+ 57. Kg1 Qd1 58. h5 Qd5 59. Qc3+ Kd1 60. Qa1+ Ke2 61. Qb2+ Qd2 62. Qxd2+ Kxd2 63. f3 Nh6 64. Kf2 Kd3 65. Kg2 Ke3 66. g4 fxg4 67. fxg4 Nxg4 68. Kg3 Nh6 69. Kh4 Kf4 70. Kh3 Kg5 0-1


[Site "https://www.chess.com"]

[Event "Titled Tuesday Blitz March 15 Late 2022"]
[White "Martin Barcelo, Carles"]
[Black "Zhurbinsky, David"]
[WhiteFideId "24561444"]
[BlackFideId "2072904"]
[WhiteElo "1875"]
[BlackElo "2593"]
[Result "1-0"]
[Round "06"]
[TimeControl "180+1"]
[Date "2022.03.16"]
[WhiteClock "0:00:16"]
[BlackClock "0:00:09"]

1. e4 e5 2. Nc3 Nf6 3. g3 c6 4. Bg2 d5 5. d3 Bb4 6. Bd2 Be6 7. a3 Ba5 8. Nge2 Nbd7 9. O-O Qe7 10. exd5 cxd5 11. Nxd5 Bxd5 12. Bxa5 Bxg2 13. Kxg2 Qc5 14. Bb4 Qc6+ 15. f3 h5 16. Qd2 h4 17. Qc3 Qb6 18. Ba5 Qe3 19. Qd2 Qc5 20. Bb4 Qb6 21. a4 a5 22. Ba3 Nd5 23. d4 O-O-O 24. Nc3 N7f6 25. Bc5 Qc6 26. Nb5 Nf4+ 27. gxf4 Qxc5 28. Qxa5 Qxc2+ 29. Kh1 Kd7 30. Rac1 Qd3 31. Qc7+ Ke8 32. Nd6+ Rxd6 33. Qxd6 Qf5 34. Rc7 Nd7 35. Rc8# 1-0


[Site "https://www.chess.com"]

[Event "Titled Tuesday Blitz March 15 Late 2022"]
[White "Martin Duque, Jesus"]
[Black "Al-Tarboush, Ward"]
[WhiteFideId "2208954"]
[BlackFideId "7601450"]
[WhiteElo "2243"]
[BlackElo "2276"]
[Result "1/2-1/2"]
[Round "06"]
[TimeControl "180+1"]
[Date "2022.03.16"]
[WhiteClock "0:00:17"]
[BlackClock "0:00:06"]

1. Nf3 d5 2. b3 Nf6 3. Bb2 c6 4. g3 Bf5 5. Bg2 e6 6. d3 Nbd7 7. Nbd2 Be7 8. O-O O-O 9. Re1 a5 10. a4 Bb4 11. e4 dxe4 12. dxe4 Bg4 13. Qe2 Re8 14. Red1 Qe7 15. Nc4 e5 16. h3 Bxf3 17. Bxf3 b5 18. Ne3 Qc5 19. Bg4 Nf8 20. Nf5 Bc3 21. Bxc3 Qxc3 22. axb5 cxb5 23. Nd6 Red8 24. Nxb5 Qb4 25. Rxd8 Rxd8 26. Ra4 Qc5 27. Rxa5 h5 28. Bf3 Ne6 29. Qc4 Qb6 30. Ra1 Rd2 31. Rf1 h4 32. gxh4 Nf4 33. Qc8+ Kh7 34. c4 Nxh3+ 35. Qxh3 Rd3 36. Qg2 Rxb3 37. Rd1 Qc5 38. Nd6 Qc7 39. Nf5 g6 40. Qg5 gxf5 41. Qxf6 Rxf3 42. Rd8 Rg3+ 43. fxg3 Qa7+ 44. Kh2 Qf2+ 45. Kh3 Qf1+ 46. Kh2 Qf2+ 47. Kh1 Qf1+ 48. Kh2 Qf2+ 1/2-1/2


[Site "https://www.chess.com"]

[Event "Titled Tuesday Blitz March 15 Late 2022"]
[White "Martinez Alcantara, Jose Eduardo"]
[Black "Costachi, Mihnea"]
[WhiteFideId "3805662"]
[BlackFideId "1217518"]
[WhiteElo "2690"]
[BlackElo "2464"]
[Result "1-0"]
[Round "06"]
[TimeControl "180+1"]
[Date "2022.03.15"]
[WhiteClock "0:00:17"]
[BlackClock "0:01:21"]

1. e4 e5 2. Nf3 Nf6 3. Nc3 Nc6 4. Bb5 Nd4 5. O-O Bc5 6. Ba4 O-O 7. d3 h6 8. h3 d6 9. Nxd4 Bxd4 10. Bb3 Be6 11. Be3 Bb6 12. Bxb6 axb6 13. f4 Bxb3 14. cxb3 exf4 15. Rxf4 Nd7 16. Qe2 Ra5 17. b4 Rg5 18. Raf1 c6 19. d4 Rg6 20. Qf3 Qe7 21. a3 b5 22. Nd1 Rf6 23. Ne3 Rxf4 24. Qxf4 Re8 25. Nf5 Qxe4 26. Qg3 g6 27. Nxh6+ Kh7 28. Nxf7 Qe3+ 29. Qxe3 Rxe3 30. Nxd6 Nb6 31. Nxb7 Nc4 32. Na5 Nxb2 33. Nxc6 Rxa3 34. Rf7+ Kh6 35. Ne5 Nd3 36. Nxd3 Rxd3 37. Rb7 Rxd4 38. Rxb5 Rd2 39. Kh2 Rd3 40. Rc5 Rb3 41. Rc4 Kg5 42. h4+ Kf5 43. Rd4 Ke5 44. Rg4 Kf5 45. Rg5+ Kf6 46. b5 Kf7 47. g3 Kf6 48. Kg2 Kf7 49. Kf2 Kf6 50. Ke2 Kf7 51. Kd2 Kf6 52. Kc2 Rf3 53. b6 Rf2+ 54. Kc3 Rf1 55. Rb5 Rf3+ 56. Kd2 Rf5 57. Rxf5+ Kxf5 58. b7 Kg4 59. b8=Q g5 60. hxg5 Kh3 61. g6 Kg2 62. g7 Kf1 63. g4 Kg2 64. g5 Kh1 65. g6 Kg2 66. g8=N Kh1 67. Ne7 Kg2 68. g7 Kh1 69. g8=N Kg2 70. Nf6 Kh1 71. Qg8 Kh2 72. Nf5 Kh1 73. Ne4 Kh2 74. Ne3 Kh1 75. Nf2+ Kh2 76. Nf1# 1-0


[Site "https://www.chess.com"]

[Event "Titled Tuesday Blitz March 15 Late 2022"]
[White "Matinian, Nikita"]
[Black "Solon, Nathan"]
[WhiteFideId "24129100"]
[BlackFideId "2017229"]
[WhiteElo "2422"]
[BlackElo "2574"]
[Result "0-1"]
[Round "06"]
[TimeControl "180+1"]
[Date "2022.03.15"]
[WhiteClock "0:00:01"]
[BlackClock "0:00:45"]

1. e4 d5 2. exd5 Nf6 3. d4 Bg4 4. f3 Bf5 5. Bb5+ Nbd7 6. c4 a6 7. Ba4 b5 8. cxb5 Nxd5 9. Nc3 N5b6 10. Nge2 Nxa4 11. Qxa4 axb5 12. Qxb5 e6 13. O-O Bd6 14. Bf4 Rb8 15. Qa4 Rxb2 16. Bxd6 cxd6 17. Qa3 Qb8 18. Ng3 Bg6 19. Nce4 O-O 20. Qxd6 Qa7 21. Nc5 Nf6 22. a4 Nd5 23. h4 h5 24. Rfe1 Qa5 25. Nge4 Rd8 26. Qg3 Nc3 27. Nxc3 Qxc3 28. Rad1 Rxd4 29. a5 Rxd1 30. Rxd1 Qxc5+ 31. Kh2 Qxa5 32. Qf4 Rc2 33. Rd7 Qf5 0-1


[Site "https://www.chess.com"]

[Event "Titled Tuesday Blitz March 15 Late 2022"]
[White "Meduri, Aakaash"]
[Black "Petesch, Gabriel"]
[WhiteFideId "2032252"]
[BlackFideId "2032465"]
[WhiteElo "2096"]
[BlackElo "2374"]
[Result "0-1"]
[Round "06"]
[TimeControl "180+1"]
[Date "2022.03.16"]
[WhiteClock "0:00:01"]
[BlackClock "0:00:16"]

1. e4 e5 2. Nc3 Nc6 3. Nf3 Nf6 4. Nxe5 Nxe5 5. d4 Nc6 6. e5 Ng8 7. f4 d6 8. d5 Nce7 9. Bb5+ Bd7 10. Bc4 g6 11. e6 fxe6 12. dxe6 Bg7 13. exd7+ Qxd7 14. O-O O-O-O 15. Re1 d5 16. Bb5 Qd6 17. Qf3 Qb6+ 18. Be3 d4 19. Bf2 Qa5 20. b4 Qxb4 21. Rab1 Qxc3 22. Bd7+ Kxd7 23. Qxb7 Qc6 24. Qb4 Nd5 25. Qa5 Nge7 26. Rbd1 Kc8 27. Qxa7 Qb7 28. Qa3 Rhe8 29. Bxd4 Bxd4+ 30. Rxd4 Qb6 31. Rd1 Nc6 32. Qa8+ Kd7 33. Qa4 Re1+ 34. Kf2 Rxd1 0-1


[Site "https://www.chess.com"]

[Event "Titled Tuesday Blitz March 15 Late 2022"]
[White "Mekhitarian, Krikor Sevag"]
[Black "Issani, Nameer"]
[WhiteFideId "2107660"]
[BlackFideId "2619130"]
[WhiteElo "2598"]
[BlackElo "2559"]
[Result "1/2-1/2"]
[Round "06"]
[TimeControl "180+1"]
[Date "2022.03.16"]
[WhiteClock "0:00:05"]
[BlackClock "0:00:33"]

1. e4 e5 2. Nf3 Nc6 3. Bc4 Bc5 4. c3 Nf6 5. d4 exd4 6. cxd4 Bb4+ 7. Nbd2 d5 8. exd5 Nxd5 9. O-O O-O 10. Ne4 h6 11. a3 Be7 12. Ng3 Be6 13. Bd3 Qd7 14. Re1 Rad8 15. Bc2 Nb6 16. Qd3 f5 17. Bd2 Bc4 18. Qc3 Bd6 19. Rad1 Bxg3 20. hxg3 Nxd4 21. Nxd4 Qxd4 22. Qxd4 Rxd4 23. Bc3 Rxd1 24. Rxd1 Re8 25. Bxf5 Nd5 26. Bd2 c6 27. Re1 Rxe1+ 28. Bxe1 Kf7 29. Bc2 Ba6 30. Bd2 Ke6 31. f3 b6 32. Kf2 Bb7 33. g4 c5 34. f4 Nf6 35. Bf5+ Ke7 36. Bc3 Kf7 37. Be5 g6 38. Bxf6 gxf5 39. Be5 fxg4 40. Bb8 a6 41. Ba7 b5 42. Bxc5 Kg6 43. g3 Kf5 44. Ke3 a5 45. Be7 a4 46. Kd4 Bf3 47. Bh4 h5 48. Kc5 Be2 49. Kd4 Bc4 50. Bg5 Bf1 51. Bh4 Bc4 52. Bg5 Be2 53. Bh4 Bf3 54. Bg5 Be2 55. Bh4 1/2-1/2


[Site "https://www.chess.com"]

[Event "Titled Tuesday Blitz March 15 Late 2022"]
[White "Mickiewicz, Piotr"]
[Black "Clawitter, Craig"]
[WhiteFideId "1114891"]
[BlackFideId "2023105"]
[WhiteElo "2266"]
[BlackElo "2213"]
[Result "0-1"]
[Round "06"]
[TimeControl "180+1"]
[Date "2022.03.16"]
[WhiteClock "0:00:23"]
[BlackClock "0:00:07"]

1. Nf3 Nf6 2. g3 d5 3. Bg2 e6 4. O-O Be7 5. c4 O-O 6. b3 a5 7. Bb2 a4 8. cxd5 exd5 9. d3 axb3 10. Qxb3 Nbd7 11. Nbd2 Nc5 12. Qc2 Na4 13. Be5 c6 14. Rab1 Re8 15. Ba1 Bf8 16. Rfe1 Nc5 17. Ne5 Be6 18. Ndf3 Qa5 19. d4 Ncd7 20. Rxb7 Nxe5 21. Nxe5 Qxe1+ 22. Bf1 Ne4 23. Rb1 Qxf2+ 24. Kh1 Reb8 25. Rd1 Qf6 26. Rc1 g6 27. Bg2 Bh6 28. Rf1 Nf2+ 29. Kg1 Be3 30. Qc3 Nd1+ 31. Qxe3 Qxf1+ 32. Kxf1 Nxe3+ 33. Kf2 Nxg2 34. Kxg2 Rxa2 35. Bc3 Rxe2+ 36. Kf3 Rxe5 37. dxe5 Rb3 38. Kf4 Rxc3 39. h3 Rc2 40. g4 Re2 41. h4 Re4+ 42. Kg5 Rxg4+ 43. Kf6 Rf4+ 44. Ke7 d4 45. h5 d3 46. h6 d2 47. Ke8 d1=Q 48. Ke7 Qd7# 0-1


[Site "https://www.chess.com"]

[Event "Titled Tuesday Blitz March 15 Late 2022"]
[White "Mikhalsky, Vladimir"]
[Black "Tarigan, Gilbert Elroy"]
[WhiteFideId "14144352"]
[BlackFideId "7108133"]
[WhiteElo "2301"]
[BlackElo "1908"]
[Result "1-0"]
[Round "06"]
[TimeControl "180+1"]
[Date "2022.03.16"]
[WhiteClock "0:00:35"]
[BlackClock "0:00:01"]

1. e4 c6 2. d3 d5 3. Nd2 e5 4. Ngf3 Bd6 5. g3 Ne7 6. Bg2 O-O 7. O-O f5 8. c3 Nd7 9. b4 a5 10. bxa5 Qxa5 11. Bb2 Nf6 12. Nb3 Qc7 13. exd5 cxd5 14. c4 d4 15. Re1 Nc6 16. c5 Be7 17. Nfd2 f4 18. Nc4 Ng4 19. Bf3 Nxf2 20. Kxf2 fxg3+ 21. hxg3 Bg4 22. Nbd2 e4 23. Rxe4 Bxf3 24. Nxf3 Bxc5 25. Kg2 b5 26. Nce5 Nxe5 27. Nxe5 Rae8 28. Qe2 Bd6 29. Bxd4 Qb7 30. Kg1 Rd8 31. Rf1 Rfe8 32. Qg4 Qc8 33. Qxc8 Rxc8 34. Rf2 Rc1+ 35. Kg2 Rd1 36. Nc6 Rc8 37. Na7 Rd8 38. Nxb5 Bf8 39. Re3 Rd2 40. Rxd2 1-0


[Site "https://www.chess.com"]

[Event "Titled Tuesday Blitz March 15 Late 2022"]
[White "Mogranzini, Roberto"]
[Black "Weber, Samuel"]
[WhiteFideId "810894"]
[BlackFideId "12924008"]
[WhiteElo "2469"]
[BlackElo "2215"]
[Result "0-1"]
[Round "06"]
[TimeControl "180+1"]
[Date "2022.03.16"]
[WhiteClock "0:00:41"]
[BlackClock "0:00:59"]

1. e4 e5 2. Nf3 Nc6 3. Bb5 a6 4. Bxc6 dxc6 5. O-O Bg4 6. h3 h5 7. d3 Qf6 8. Be3 Bxf3 9. Qxf3 Qxf3 10. gxf3 Bd6 11. Nd2 Ne7 12. Rfb1 g5 13. Kf1 f6 14. Ke2 Kf7 15. b4 Rag8 16. Nc4 g4 17. hxg4 hxg4 18. fxg4 Rxg4 19. Na5 f5 20. exf5 Nxf5 21. Nxb7 Bxb4 22. a3 Bc3 23. Ra2 Bd4 24. Kf3 Rhh4 25. Nd8+ Kf6 26. Nxc6 Bxe3 27. fxe3 Rg3+ 28. Kf2 Rh2+ 29. Kf1 Nxe3+ 0-1


[Site "https://www.chess.com"]

[Event "Titled Tuesday Blitz March 15 Late 2022"]
[White "Moroni, Luca Jr"]
[Black "Taichman, Ori"]
[WhiteFideId "865834"]
[BlackFideId "2804069"]
[WhiteElo "2573"]
[BlackElo "2227"]
[Result "1-0"]
[Round "06"]
[TimeControl "180+1"]
[Date "2022.03.15"]
[WhiteClock "0:00:43"]
[BlackClock "0:00:10"]

1. d4 Nf6 2. Bf4 g6 3. Nc3 d5 4. Nb5 Na6 5. e3 Bg7 6. Nf3 Nh5 7. Be5 f6 8. Bg3 c6 9. Nc3 Qa5 10. Qd2 e5 11. a3 e4 12. Ng1 Bg4 13. Bd6 O-O-O 14. h3 Bxh3 15. b4 Bxg2 16. bxa5 Bxh1 17. Bh2 f5 18. Na4 Nc7 19. Rb1 f4 20. Bh3+ Kb8 21. Nc5 Nb5 22. a4 Nd6 23. Nxb7 Nxb7 24. Qb4 Kc7 25. Qxb7+ Kd6 26. Qxg7 Nxg7 27. Bxf4+ Ke7 28. Rb7+ Kf8 29. Bh6 Rg8 30. Be6 a6 31. Bxg8 Kxg8 32. Rxg7+ Kh8 33. Ra7 Rb8 34. Rxa6 g5 35. Rb6 Ra8 36. a6 Kg8 37. Bxg5 h5 38. Nh3 Bf3 39. Nf4 Kf7 40. Rb7+ Ke8 41. a7 h4 42. Rb8+ Kf7 43. Rxa8 h3 44. Nxh3 c5 45. Nf4 c4 46. Rb8 c3 47. a8=Q 1-0


[Site "https://www.chess.com"]

[Event "Titled Tuesday Blitz March 15 Late 2022"]
[White "Obolenskikh, Dmitry"]
[Black "Postnikov, Daniil"]
[WhiteFideId "4156013"]
[BlackFideId "4166329"]
[WhiteElo "2512"]
[BlackElo "2261"]
[Result "1-0"]
[Round "06"]
[TimeControl "180+1"]
[Date "2022.03.15"]
[WhiteClock "0:00:44"]
[BlackClock "0:00:03"]

1. Nf3 d5 2. e3 g6 3. c4 c6 4. Nc3 Bg7 5. d4 Nf6 6. Be2 O-O 7. O-O a6 8. a4 Be6 9. Ng5 Bf5 10. Qb3 Qd7 11. a5 h6 12. Nf3 dxc4 13. Bxc4 Qc7 14. Ne5 e6 15. Bd2 g5 16. Na4 Nbd7 17. Nxd7 Nxd7 18. Rfe1 Bg6 19. Rad1 Rfe8 20. Rc1 Nf6 21. f3 g4 22. Nc5 gxf3 23. gxf3 Rab8 24. Re2 Nd7 25. Nd3 Qd8 26. Rg2 Kh7 27. Kh1 e5 28. Bxf7 Bxf7 29. Qxf7 Qe7 30. Rxg7+ 1-0


[Site "https://www.chess.com"]

[Event "Titled Tuesday Blitz March 15 Late 2022"]
[White "Olsen, Filip Boe"]
[Black "Donchenko, Alexander"]
[WhiteFideId "1440640"]
[BlackFideId "24603295"]
[WhiteElo "2188"]
[BlackElo "2539"]
[Result "1/2-1/2"]
[Round "06"]
[TimeControl "180+1"]
[Date "2022.03.16"]
[WhiteClock "0:00:34"]
[BlackClock "0:01:28"]

1. d4 d5 2. Nf3 Nf6 3. Bf4 c5 4. e3 Nc6 5. c3 Qb6 6. Qb3 c4 7. Qc2 Bf5 8. Qc1 h6 9. Nbd2 e6 10. h3 Be7 11. Be2 O-O 12. O-O Rfc8 13. Bd1 Qd8 14. Bc2 Bxc2 15. Qxc2 b5 16. e4 b4 17. Rfe1 Bf8 18. exd5 exd5 19. Ne5 Nd7 20. Ndf3 Ncxe5 21. Nxe5 Nxe5 22. Rxe5 bxc3 23. bxc3 Rab8 24. Rb1 Rxb1+ 25. Qxb1 Rb8 26. Qf5 Rb5 27. Bg3 g6 28. Qf3 Ra5 29. Qe2 Ra6 30. Qf3 Ra5 31. Qe2 Qd7 32. Re8 Ra6 33. Rb8 Re6 34. Qd2 Re8 35. Qb2 Rxb8 36. Qxb8 Qe7 37. Be5 Kh7 38. Qa8 f6 39. Bg3 Bg7 40. Kh2 Qe1 41. Qxa7 Qxc3 42. Bd6 Qd2 43. Bf8 Qf4+ 44. Kh1 Qc1+ 45. Kh2 Qf4+ 46. Kg1 Qc1+ 47. Kh2 Qf4+ 1/2-1/2


[Site "https://www.chess.com"]

[Event "Titled Tuesday Blitz March 15 Late 2022"]
[White "Ozates, Tuna"]
[Black "Ezat, Mohamed"]
[WhiteFideId "6354521"]
[BlackFideId "10600906"]
[WhiteElo "1887"]
[BlackElo "2386"]
[Result "0-1"]
[Round "06"]
[TimeControl "180+1"]
[Date "2022.03.16"]
[WhiteClock "0:00:01"]
[BlackClock "0:00:32"]

1. e4 c6 2. d4 d5 3. exd5 cxd5 4. c4 Nf6 5. Nc3 g6 6. cxd5 Bg7 7. Qb3 O-O 8. Nge2 Na6 9. g3 Qb6 10. Qxb6 axb6 11. Bg2 Nb4 12. O-O Rd8 13. Bf4 Nfxd5 14. Nxd5 Nxd5 15. Be5 Be6 16. Bxg7 Kxg7 17. a3 Rac8 18. Rac1 Rc6 19. Nc3 Rdc8 20. Bxd5 Bxd5 21. Rce1 Bc4 22. Rxe7 Bxf1 23. Kxf1 R6c7 24. Re5 Rd8 25. d5 Rc4 26. Re7 Rb8 27. Ke2 Kf8 28. Rd7 Rc5 29. Kd3 b5 30. Kd4 Rc4+ 31. Ke5 b4 32. axb4 Rxb4 33. Kf6 Rb6+ 34. d6 Kg8 35. Nd5 Rxb2 36. f4 Rb5 37. Ne3 Re8 38. Re7 Rd8 39. d7 Rb6+ 40. Ke5 Kf8 41. Nd5 Rb5 42. Kf6 Rxd5 0-1


[Site "https://www.chess.com"]

[Event "Titled Tuesday Blitz March 15 Late 2022"]
[White "P., Komal Kishore"]
[Black "Sinitsina, Anastassia"]
[WhiteFideId "5016703"]
[BlackFideId "4504640"]
[WhiteElo "2123"]
[BlackElo "2144"]
[Result "0-1"]
[Round "06"]
[TimeControl "180+1"]
[Date "2022.03.16"]
[WhiteClock "0:01:14"]
[BlackClock "0:01:58"]

1. e4 e5 2. Nf3 Nc6 3. Bb5 a6 4. Ba4 Nf6 5. O-O Nxe4 6. Re1 Nc5 7. Nxe5 Be7 8. Nxc6 dxc6 9. Bb3 Nxb3 10. axb3 O-O 11. d4 Bf6 12. c3 Bf5 13. b4 Re8 14. Rxe8+ Qxe8 15. Nd2 Rd8 16. Nb3 Bc2 17. Qf1 Bxb3 18. Be3 Qe4 19. Re1 Qg6 20. Bf4 Bd5 21. f3 h6 22. Bxc7 Rc8 23. Bg3 Qc2 24. Re2 Qb3 25. Qe1 Bc4 26. Re8+ Rxe8 27. Qxe8+ Kh7 28. Qd7 Qd1+ 29. Kf2 Qe2+ 0-1


[Site "https://www.chess.com"]

[Event "Titled Tuesday Blitz March 15 Late 2022"]
[White "Paravyan, David"]
[Black "Zhigalko, Sergei"]
[WhiteFideId "4194985"]
[BlackFideId "13502956"]
[WhiteElo "2569"]
[BlackElo "2662"]
[Result "1-0"]
[Round "06"]
[TimeControl "180+1"]
[Date "2022.03.15"]
[WhiteClock "0:00:19"]
[BlackClock "0:00:01"]

1. e4 c5 2. Nf3 Nc6 3. d4 cxd4 4. Nxd4 Nf6 5. Nc3 e5 6. Ndb5 d6 7. Nd5 Nxd5 8. exd5 Nb8 9. a4 Be7 10. Be2 O-O 11. O-O Nd7 12. Bd2 f5 13. a5 Nf6 14. Bb4 Kh8 15. Kh1 a6 16. Na3 f4 17. Nc4 Bf5 18. Nb6 Rb8 19. Qc1 Qe8 20. c4 Qg6 21. Ra3 Rbd8 22. f3 Nh5 23. Be1 Bf6 24. b4 Ng3+ 25. hxg3 fxg3 26. Kg1 Bg5 27. f4 exf4 28. Rxf4 Be4 29. Rxf8+ Rxf8 30. Qc3 Qh6 31. Qxg3 Bf4 32. Qh3 Qg5 33. Bf2 Be5 34. Re3 Bf5 35. Qh5 Qf6 36. Nd7 1-0


[Site "https://www.chess.com"]

[Event "Titled Tuesday Blitz March 15 Late 2022"]
[White "Peatman, Carter"]
[Black "Kobalia, Mikhail"]
[WhiteFideId "2096480"]
[BlackFideId "4119150"]
[WhiteElo "2442"]
[BlackElo "2667"]
[Result "0-1"]
[Round "06"]
[TimeControl "180+1"]
[Date "2022.03.16"]
[WhiteClock "0:00:08"]
[BlackClock "0:00:57"]

1. d4 Nf6 2. Bf4 c5 3. e3 d5 4. Nd2 Nc6 5. c3 cxd4 6. cxd4 e6 7. Ngf3 Bd6 8. Bg3 O-O 9. Bd3 Nb4 10. Bb1 b6 11. a3 Nc6 12. O-O Ba6 13. Re1 Rc8 14. Bh4 Be7 15. b4 Ne8 16. Bxe7 Nxe7 17. Ne5 f6 18. Qh5 Nf5 19. Nef3 Ned6 20. Nh4 Qd7 21. Nxf5 Nxf5 22. Nf3 Rc3 23. Nh4 g6 24. Qg4 Rfc8 25. Nxf5 exf5 26. Qf3 Bc4 27. Ba2 Kg7 28. Bxc4 R8xc4 29. Qf4 Qc7 30. Qf3 Qd6 31. g4 fxg4 32. Qxg4 Rc2 33. Rad1 Ra2 34. e4 dxe4 35. Rxe4 f5 36. Qf4 Qxf4 37. Rxf4 Rxa3 38. d5 Rxf4 39. d6 Rff3 40. d7 Rfd3 41. d8=Q Rxd8 42. Rxd8 a5 43. Rb8 axb4 44. Rxb6 Rb3 45. Kg2 Kh6 46. Rb5 Kg5 47. Rb7 h5 48. Rb5 h4 49. h3 Kf4 50. Rb7 g5 51. Rb8 Rb1 52. Rg8 b3 53. Rb8 Ke4 54. Rb4+ Kd3 55. Rb5 Kc4 56. Rxf5 Rd1 57. Rf8 b2 58. Rc8+ Kd3 59. Rd8+ Kc2 60. Rc8+ Kb3 61. Rb8+ Ka2 62. Ra8+ Kb1 63. Rc8 Rd5 64. Kf3 Ka2 65. Ra8+ Kb3 66. Rb8+ Kc3 67. Ke4 Rc5 68. Ke3 Re5+ 69. Kf3 Rf5+ 70. Ke2 Rf4 71. Rc8+ Rc4 72. Rb8 Rb4 73. Rc8+ Kd4 74. Rd8+ Ke5 75. Re8+ Kf6 76. Rf8+ Kg7 77. Rg8+ Kxg8 0-1


[Site "https://www.chess.com"]

[Event "Titled Tuesday Blitz March 15 Late 2022"]
[White "Perez Leiva, Jerzy Jesus"]
[Black "Sadilek, Peter"]
[WhiteFideId "3524337"]
[BlackFideId "1616439"]
[WhiteElo "2261"]
[BlackElo "2145"]
[Result "0-1"]
[Round "06"]
[TimeControl "180+1"]
[Date "2022.03.16"]
[WhiteClock "0:01:13"]
[BlackClock "0:01:25"]

1. d4 d6 2. e4 Nf6 3. Nc3 g6 4. Bf4 c6 5. Qd2 b5 6. a3 Bg7 7. O-O-O O-O 8. Nf3 a5 9. e5 b4 10. exf6 bxc3 11. Qxc3 Bxf6 12. Bh6 Re8 13. Bc4 Nd7 14. Ng5 d5 15. Ba2 e6 16. h4 c5 17. h5 Bxg5+ 18. Bxg5 Qxg5+ 19. Kb1 cxd4 20. Qxd4 Qf6 21. Qd2 Rb8 22. c3 Nc5 23. hxg6 hxg6 24. Rh3 Ne4 25. Qh6 Nxc3+ 0-1


[Site "https://www.chess.com"]

[Event "Titled Tuesday Blitz March 15 Late 2022"]
[White "Pichot, Alan"]
[Black "Indjic, Aleksandar"]
[WhiteFideId "110973"]
[BlackFideId "911925"]
[WhiteElo "2579"]
[BlackElo "2616"]
[Result "1-0"]
[Round "06"]
[TimeControl "180+1"]
[Date "2022.03.15"]
[WhiteClock "0:00:28"]
[BlackClock "0:00:26"]

1. e4 e5 2. Nf3 Nc6 3. Bb5 a6 4. Ba4 Nf6 5. O-O Be7 6. Re1 b5 7. Bb3 d6 8. c3 O-O 9. h3 Nb8 10. d4 Nbd7 11. Nbd2 Bb7 12. Bc2 Re8 13. Nf1 Bf8 14. Ng3 g6 15. a4 Nb6 16. a5 Nbd7 17. d5 c6 18. dxc6 Bxc6 19. b4 d5 20. Bb3 dxe4 21. Ng5 Re7 22. N5xe4 Nxe4 23. Nxe4 Bxe4 24. Rxe4 Nf6 25. Qxd8 Rxd8 26. Re2 h6 27. Be3 Rc8 28. Rc1 Rec7 29. Rec2 Ne4 30. c4 bxc4 31. Bxc4 Kg7 32. Bxa6 Rxc2 33. Bxc8 Ra2 34. Bb7 Bxb4 35. Bxe4 Rxa5 36. g4 Bd6 37. Rc6 Be7 38. Rc7 Bg5 39. Bxg5 hxg5 40. Rd7 Ra6 41. Bd5 Rf6 42. f3 Kh6 43. Kf2 Rb6 44. Bxf7 e4 45. Bg8 e3+ 46. Kg3 Rb7 47. Rxb7 e2 48. Rh7# 1-0


[Site "https://www.chess.com"]